Map: Ruins of Seras

Players

Reszi

  • Race: Protoss Protoss
  • League: Diamond

MorN - Winner!

  • Race: Terran Terran
  • League: Master

VOD

Have the link to the VOD?

Description

Time

  • Played on: Nov. 21, 2015, 7:20 p.m.
  • Length: 11:05
Show
View Real Time Build Order
Export as new Build Order

Reszi Protoss 

Build Orders: 1 Gate Expand 

Get SALT Encoding   

  12  0:01  Probe (Chrono Boost)  
  13  0:11  Probe (Chrono Boost)  
  14  0:18  Pylon  
  14  0:22  Probe (Chrono Boost)  
  15  0:36  Probe (Chrono Boost)  
  15  0:40  Gateway  
  16  0:47  Probe (Chrono Boost)  
  16  0:48  Assimilator  
  17  0:58  Probe (Chrono Boost)  
  18  1:08  Probe (Chrono Boost)  
  19  1:26  Nexus  
  19  1:37  Cybernetics Core  
  20  1:47  Probe (Chrono Boost)  
  20  1:51  Assimilator  
  20  1:55  Pylon  
  20  1:59  Probe (Chrono Boost)  
  21  2:10  Probe (Chrono Boost)  
  22  2:21  Adept  
  22  2:22  Warp Gate  
  25  2:23  Mothership Core (Chrono Boost)  
  26  2:35  Pylon  
  26  2:42  Probe (Chrono Boost)  
  27  2:47  Robotics Facility  
  27  2:52  Probe (Chrono Boost)  
  27  3:01  Adept  
  27  3:03  Probe (Chrono Boost)  
  30  3:06  Probe (Chrono Boost)  
  31  3:13  Probe (Chrono Boost)  
  31  3:17  Probe (Chrono Boost)  
  33  3:24  Probe (Chrono Boost)  
  34  3:27  Probe (Chrono Boost)  
  34  3:30  Gateway  
  35  3:34  Adept  
  35  3:40  Probe (Chrono Boost)  
  38  3:42  Probe (Chrono Boost)  
  38  3:47  Warp Prism  
  41  3:55  Gateway  
  41  3:57  Probe (Chrono Boost)  
  41  3:59  Probe (Chrono Boost)  
  43  4:06  Adept  
  43  4:07  Probe (Chrono Boost)  
  46  4:13  Twilight Council  
  46  4:15  Probe (Chrono Boost)  
  47  4:18  Assimilator  
  47  4:23  Assimilator  
  47  4:27  Observer  
  48  4:36  Probe x2 (Chrono Boost)  
  50  4:46  Probe x2 (Chrono Boost)  
  50  4:52  Blink  
  52  4:54  Forge  
  52  4:57  Probe x2 (Chrono Boost)  
  52  5:09  Stalker  
  52  5:13  Pylon  
  54  5:15  Pylon  
  54  5:23  Protoss Ground Armor Level 1  
  54  5:28  Robotics Bay  
  54  5:31  Immortal (Chrono Boost), Probe x2 (Chrono Boost)  
  54  5:35  Sentry  
  62  5:36  Stalker  
  62  5:41  Probe (Chrono Boost)  
  62  5:42  Pylon  
  65  5:54  Nexus  
  65  6:05  Probe x2  
  65  6:06  Stalker x2  
  77  6:24  Colossus (Chrono Boost)  
  77  6:25  Pylon  
  77  6:31  Pylon  
  77  6:34  Pylon  
  77  6:43  Probe  
  77  6:46  Pylon  
  78  6:52  Pylon x2  
  78  6:53  Resonating Glaives  
  78  7:04  Stalker  
  78  7:05  Stalker x2  
  84  7:17  Colossus (Chrono Boost)  
  84  7:20  Probe  
  84  7:21  Probe  
  92  7:29  Gateway, Adept  
  94  7:30  Probe, Adept, Gateway  
  94  7:32  Gateway  
  94  7:33  Probe  
  98  7:50  Adept  
  98  7:51  Adept x2  
  104  7:54  Extended Thermal Lance  
  104  7:55  Probe  
  105  8:00  Templar Archives  
  105  8:05  Forge  
  105  8:08  Probe  
  105  8:09  Probe x2, Photon Cannon  
  100  8:15  Protoss Ground Armor Level 2 (Chrono Boost)  
  100  8:20  Probe  
  100  8:21  Probe  
  100  8:22  Probe  
  103  8:30  Probe  
  103  8:31  Photon Cannon  
  103  8:33  Probe  
  103  8:34  Probe  
  106  8:41  Stalker, Probe  
  105  8:44  High Templar  
  105  8:45  High Templar  
  105  8:46  Probe  
  105  8:47  High Templar  
  115  8:49  Probe  
  115  8:51  Probe, Archon  
  117  9:06  Templar Archives  
  117  9:09  Adept x2  
  121  9:10  Adept  
  121  9:12  Probe x2  
  121  9:13  Probe  
  121  9:14  Protoss Ground Weapons Level 1 (Chrono Boost)  
  126  9:21  Assimilator  
  126  9:22  Colossus (Chrono Boost)  
  126  9:24  Probe, Assimilator  
  133  9:32  Pylon  
  133  9:34  Pylon x2  
  133  9:43  Psionic Storm  
  133  9:49  Probe  
  133  9:50  Probe x2  
  136  9:59  Probe  
  132  10:02  Probe x2  
  132  10:04  High Templar x2  
  132  10:05  Zealot x4  
  147  10:28  Gateway  
  145  10:29  Gateway  
  145  10:31  Gateway  
  145  10:35  Stalker x3  
  101  10:50  Zealot x3  
  97  10:58  Zealot  
  97  10:59  Zealot x2  
Show
View Real Time Build Order
Export as new Build Order

MorN Terran - Winner!

Build Orders: MMM Bio 

Get SALT Encoding   

  12  0:00  SCV  
  13  0:13  SCV  
  14  0:18  Supply Depot  
  14  0:25  SCV  
  15  0:39  SCV  
  15  0:41  Barracks  
  16  0:46  Refinery  
  16  0:53  SCV  
  17  1:05  SCV  
  18  1:17  SCV  
  19  1:28  Marine  
  19  1:29  Orbital Command  
  20  1:43  Command Center  
  20  1:49  Marine  
  21  1:58  Factory  
  21  2:06  Supply Depot  
  21  2:08  SCV  
  21  2:12  Marine  
  23  2:28  SCV  
  24  2:31  Marine  
  25  2:40  SCV  
  25  2:43  Factory Tech Lab, Barracks  
  26  2:52  SCV  
  26  2:55  Orbital Command  
  27  3:01  Marine  
  27  3:02  Cyclone  
  27  3:04  SCV  
  32  3:13  Engineering Bay  
  32  3:16  SCV, Refinery  
  32  3:18  Marine  
  34  3:24  SCV  
  35  3:28  SCV  
  36  3:40  Missile Turret  
  36  3:41  Marine x2  
  36  3:43  SCV  
  36  3:44  SCV  
  40  3:52  Factory Tech Lab  
  40  3:55  SCV  
  41  3:57  Barracks  
  41  3:59  SCV  
  42  4:05  Bunker  
  42  4:07  SCV  
  43  4:11  SCV  
  43  4:12  Terran Infantry Weapons Level 1, Refinery  
  44  4:19  SCV  
  44  4:23  SCV  
  46  4:26  Barracks Reactor  
  46  4:34  Supply Depot  
  46  4:35  SCV, Marauder  
  46  4:37  Factory Reactor  
  46  4:38  Supply Depot  
  49  4:43  SCV  
  49  4:44  Starport  
  50  4:47  SCV  
  51  4:55  SCV  
  52  5:09  Marauder x2, Marine x2  
  52  5:10  SCV  
  52  5:11  SCV  
  60  5:20  Command Center  
  60  5:23  SCV, Factory Reactor  
  61  5:31  Medivac  
  61  5:32  Medivac  
  61  5:33  SCV  
  61  5:35  SCV  
  67  5:41  Refinery  
  67  5:45  SCV  
  67  5:47  Combat Shields  
  67  5:48  Stimpack  
  67  5:49  Marauder  
  70  5:53  Supply Depot  
  70  6:14  Medivac x2, Widow Mine x2  
  78  6:18  Supply Depot  
  78  6:27  Terran Infantry Armor Level 1  
  78  6:28  Supply Depot x2  
  78  6:32  SCV x2, Marauder x2, Marine x2  
  86  6:33  Orbital Command  
  86  6:38  Supply Depot  
  86  6:42  Armory, Engineering Bay  
  86  6:44  SCV x2  
  88  6:54  Barracks, Marauder  
  90  6:55  Barracks  
  90  6:56  SCV x2  
  91  7:04  Marine  
  91  7:05  Marauder  
  91  7:06  Orbital Command  
  94  7:08  SCV x2  
  94  7:12  Medivac x2  
  100  7:16  Supply Depot  
  100  7:17  Supply Depot  
  100  7:20  SCV x2  
  102  7:33  SCV x2  
  104  7:37  Terran Infantry Weapons Level 2  
  104  7:38  Terran Vehicle Weapons Level 1  
  104  7:39  Supply Depot  
  104  7:42  Barracks Reactor, Barracks Tech Lab  
  104  7:48  SCV  
  104  7:50  Refinery  
  105  7:52  Refinery  
  105  7:54  SCV x2, Marine  
  105  7:56  Marine x2  
  110  8:01  Liberator x2  
  110  8:09  Marine x2  
  112  8:13  Barracks x2  
  112  8:14  Barracks  
  112  8:15  Marauder  
  120  8:20  Marine  
  120  8:22  SCV x2  
  127  8:27  Marauder x2  
  127  8:28  Marine x2  
  127  8:32  SCV  
  128  8:34  SCV  
  128  8:35  SCV  
  128  8:38  Marine  
  128  8:39  Marauder  
  131  8:41  Terran Infantry Armor Level 2  
  131  8:43  Marine  
  131  8:44  SCV, Liberator x2  
  131  8:46  Marine  
  136  8:48  Marauder  
  134  9:03  Marine  
  134  9:04  Barracks Reactor, Barracks Tech Lab x2  
  134  9:05  Marine  
  134  9:11  Ghost Academy  
  134  9:12  Marine x2  
  134  9:13  SCV  
  134  9:14  Command Center  
  137  9:21  Supply Depot  
  137  9:24  Supply Depot  
  137  9:25  Marauder x2  
  137  9:26  Liberator, Marauder x3  
  137  9:28  SCV x2, Supply Depot  
  137  9:29  Liberator  
  149  9:37  Supply Depot  
  149  9:38  Supply Depot  
  149  9:42  Marine x4  
  156  9:47  Marauder x3  
  165  9:53  Marauder, Marine x2  
  169  10:04  Marauder, Marine x3  
  172  10:08  Marauder, Widow Mine  
  176  10:21  Marauder, Marine x2  
  178  10:22  Marine x2  
  178  10:24  Marine  
  178  10:25  Marauder  
  183  10:31  Marine x2  
  183  10:32  Marauder  
  179  10:38  Marine x2  
  179  10:41  Marine x2  
  183  10:43  Marauder  
  183  10:46  Marine  
Tags
 
Add a new tag
Caveats
  • Supply blocks, unpowered buildings, or Contaminate may cause inaccurate times.
  • Supply counts are checked every 10 seconds.